 Dungeon Crawl Stone Soup version 0.17-a0-913-g36eb389 (webtiles) character file.

4431 inmateoo the Grappler (level 10, -7/65 HPs)
             Began as a Gargoyle Warper on May 3, 2015.
             Shot with a bolt by an orc warrior (14 damage)
             ... in a bailey.
             The game lasted 00:19:41 (11982 turns).

inmateoo the Grappler (Gargoyle Warper)            Turns: 11982, Time: 00:19:42

Health: -7/65      AC: 21    Str: 14    XL:     10   Next: 36%
Magic:  13/13      EV:  7    Int: 14    God:
Gold:   182        SH:  0    Dex: 11    Spells: 2 memorised, 10 levels left

rFire  . . .     SeeInvis .       - Unarmed
rCold  . . .     Clarity  .     w - +1 chain mail
rNeg   + . .     SustAb   .     (no shield)
rPois  ∞         Gourm    .     (no helmet)
rElec  +         Spirit   .     n - +0 cloak
rCorr  .         Warding  .     (no gloves)
rMut   .         Stasis   .     t - +0 pair of boots
MR     .....                    (no amulet)
Stlth  ..........               (no ring)
                                B - ring of stealth

@: not resistant to hostile enchantments, extremely unstealthy
A: dopey 1, negative energy resistance 1, electricity resistance, wild magic 2,
unbreathing, petrification resistance, rot immunity, AC +7
a: no special abilities


You were in a bailey.
You were hungry.

You visited 2 branches of the dungeon, and saw 11 of its levels.
You also visited: Bailey.

You collected 326 gold pieces.
You spent 140 gold pieces at shops.

Inventory:

Missiles
 d - 5 tomahawks of dispersal (quivered)
 z - 2 tomahawks
Armour
 n - a +0 cloak (worn)
 t - a +0 pair of boots (worn)
 v - a troll hide
 w - a +1 chain mail (worn)
Magical staves
 D - an uncursed staff of power
Jewellery
 B - a ring of stealth (left hand)
Magical devices
 e - a wand of fireball (0)
 k - a wand of disintegration (17)
 y - a wand of slowing (7)
 G - a wand of digging (11)
Scrolls
 c - a scroll of blinking
 f - a scroll of teleportation
 l - 2 scrolls of fog
 p - 4 scrolls of magic mapping
 q - 5 scrolls of remove curse
 x - 2 scrolls of enchant armour
Potions
 i - a potion of lignification {unknown}
 j - 2 potions of poison {unknown}
 s - a potion of invisibility
 A - 2 potions of magic
 C - 2 potions of heal wounds
 E - a potion of haste
Books
 b - a book of Spatial Translocations

   Spells                             Type                      Level
   a - Apportation                    Translocation                1
   b - Blink                          Translocation                2
   c - Shroud of Golubria             Charms/Translocation         2
   d - Portal Projectile              Translocation                3
   e - Teleport Other                 Translocation                3
   f - Passage of Golubria            Translocation                4
 u - a book of Conjurations

   Spells                             Type                      Level
   a - Magic Dart                     Conjuration                  1
   b - Searing Ray                    Conjuration                  2
   c - Dazzling Spray                 Conjuration/Hexes            3
   d - Fulminant Prism                Conjuration/Hexes            4
   e - Iskenderun's Mystic Blast      Conjuration                  4
   f - Iskenderun's Battlesphere      Conjuration/Charms           5
 F - a book of Clouds

   Spells                             Type                      Level
   a - Mephitic Cloud                 Conjuration/Poison/Air       3
   b - Conjure Flame                  Conjuration/Fire             3
   c - Poisonous Cloud                Conjuration/Poison/Air       6
   d - Freezing Cloud                 Conjuration/Ice/Air          6
   e - Ring of Flames                 Charms/Fire                  7
 H - a book of Frost

   Spells                             Type                      Level
   a - Freeze                         Ice                          1
   b - Throw Frost                    Conjuration/Ice              2
   c - Ozocubu's Armour               Charms/Ice                   3
   d - Throw Icicle                   Conjuration/Ice              4
   e - Summon Ice Beast               Ice/Summoning                4
   f - Condensation Shield            Ice                          4
Miscellaneous
 m - a plain deck of defence {drawn: 3}
Comestibles
 a - a bread ration
 g - 4 royal jellies
 h - 3 fruits
 r - 2 meat rations


   Skills:
 + Level 8.4 Fighting
 - Level 1.0 Throwing
 + Level 7.9 Armour
 - Level 1.5 Dodging
 * Level 10.7 Unarmed Combat
 - Level 2.0 Spellcasting
 - Level 2.6 Translocations


You had 10 spell levels left.
You knew the following spells:

 Your Spells              Type           Power        Failure   Level  Hunger
a - Apportation           Tloc           ###.......   99%         1    ##.....
b - Blink                 Tloc           N/A          100%        2    ###....


Dungeon Overview and Level Annotations

Branches:
Dungeon (10/15)            Temple (1/1) D:4
   Lair: D:8-11         Orc: D:9-12

Altars:
Ashenzari
Dithmenos
Elyvilon
Fedhas
Gozag
Kikubaaqudgha
Makhleb
Nemelex Xobeh
Okawaru
Qazlal
Ru
Sif Muna
Trog
Vehumet
Xom
Yredelemnul
Zin
The Shining One

Shops:
D:5 !

Annotations:
D:5 Grinder
D:9 exclusion: oklob plant


Innate Abilities, Weirdness & Mutations

You are resistant to torment.
Your stone body is resilient (AC +7).
You are immune to poison.
You resist negative energy.
You are resistant to electric shocks.
You can survive without breathing.
You are immune to petrification.
You are immune to rotting.
You are dopey. (Int -2)
Your spells are harder to cast, but more powerful.


Message History

Unknown command.
Evoke which item? (* to show all) (? for menu, Esc to quit)
Zapping:
e - a wand of fireball {zapped: 2} (will waste charges)
Press: ? - help, Shift-Dir - straight line The fireball explodes!
The fireball engulfs the orc knight.
The orc knight is heavily wounded.
The fireball engulfs the orc warrior.
The orc warrior is almost dead.
The fireball engulfs the orc warrior.
You kill the orc warrior!
The fireball engulfs the orc warrior.
You kill the orc warrior!
Evoking this partially-identified wand wasted a few charges.
The orc knight hits you from afar with a glaive!!
* * * LOW HITPOINT WARNING * * *
Unknown command.
Unknown command.
Unknown command.
The orc warrior shoots a bolt.
The bolt hits you!
You die...

### #### ##∩##
###### .....
#.∩.##.....##
..≈≈≈..#...#..≈≈≈..#
.≈≈o≈≈.....(.≈§)≈≈.#
.≈ooo≈..(....≈o..≈.'
≈≈o≈≈.....@.≈§o§≈.#
.≈≈≈..#...#(.≈≈≈o.#
.....##...##.o...##
#### ##∩## ######
###


You could see 2 orc knights, 4 orc warriors and an orc.

Vanquished Creatures
  A troll (D:10)
  A two-headed ogre (D:8)
  3 yaks (D:9)
  A deep elf mage (D:9)
  Eustachio (D:5)
  A spatial vortex (D:7)
  2 orc warriors (Bailey)
  2 sky beasts
  Duvessa (D:5)
  3 ice beasts
  2 black bears
  A centaur (D:10)
  4 ogres
  A crocodile (D:8)
  2 big kobolds (D:9)
  3 giant frogs
  Blork the orc (D:6)
  Dowan (D:5)
  A wyvern skeleton (D:6)
  A gnoll sergeant (D:9)
  2 scorpions
  A jelly (D:5)
  3 killer bees (D:8)
  2 crimson imps
  An iron imp (D:5)
  An orc priest (D:5)
  A giant frog skeleton (D:8)
  3 hounds
  5 orc wizards
  A centaur skeleton (D:9)
  Natasha (thrice) (D:4)
  2 iguanas
  9 worker ants
  2 hound zombies
  A worker ant zombie (D:10)
  A hound skeleton (D:7)
  3 gnolls (D:9)
  11 adders
  3 river rats (D:5)
  2 shadow imps
  An ooze (D:5)
  An adder zombie (D:6)
  2 worms
  6 giant geckos
  25 orcs
  2 ball pythons
  17 bats
  A bat skeleton (D:4)
  5 giant cockroaches
  8 goblins
  5 hobgoblins
  14 jackals
  26 kobolds
  9 quokkas
  A giant gecko skeleton (D:6)
  10 giant newts
  A jackal skeleton (D:6)
  A quokka skeleton (D:9)
  A quokka zombie (D:9)
  14 rats
240 creatures vanquished.

Notes
Turn   | Place    | Note
--------------------------------------------------------------
     0 | D:1      | inmateoo, the Gargoyle Warper, began the quest for the Orb.
     0 | D:1      | Reached XP level 1. HP: 12/12 MP: 3/3
    96 | D:1      | Reached XP level 2. HP: 17/17 MP: 5/5
   729 | D:1      | Reached skill level 3 in Unarmed Combat
   804 | D:1      | Reached XP level 3. HP: 20/22 MP: 6/6
  1384 | D:2      | Reached XP level 4. HP: 4/27 MP: 7/7
  1671 | D:2      | Found a stormy altar of Qazlal.
  1671 | D:2      | Found a bloodstained altar of Trog.
  2213 | D:3      | Found a shattered altar of Ashenzari.
  3002 | D:4      | Reached skill level 4 in Unarmed Combat
  3002 | D:4      | Reached XP level 5. HP: 16/32 MP: 8/8
  3163 | D:4      | Found a staircase to the Ecumenical Temple.
  3167 | D:4      | Noticed an ogre
  3171 | Temple   | Entered the Ecumenical Temple
  3237 | D:4      | Killed an ogre
  3446 | D:4      | Reached XP level 6. HP: 16/38 MP: 9/9
  3486 | D:4      | Noticed Natasha
  3500 | D:5      | Entered Level 5 of the Dungeon
  3632 | D:5      | Learned a level 2 spell: Blink
  3643 | D:5      | Noticed Eustachio
  3667 | D:5      | Noticed Grinder
  3726 | D:5      | Paralysed by Grinder for 2 turns
  3744 | D:5      | Found Lolah's Distillery.
  3748 | D:5      | Bought a potion of heal wounds for 70 gold pieces
  3748 | D:5      | Bought a potion of heal wounds for 70 gold pieces
  3830 | D:5      | Paralysed by Grinder for 4 turns
  3839 | D:5      | Paralysed by Grinder for 6 turns
  3931 | D:5      | Noticed Duvessa
  3931 | D:5      | Noticed Dowan
  4193 | D:6      | Reached skill level 5 in Unarmed Combat
  4238 | D:6      | Gained mutation: You are covered in fur (AC +1). [potion of mutation]
  4238 | D:6      | Gained mutation: You have a pair of small horns on your head. [potion of mutation]
  4238 | D:6      | Lost mutation: You are covered in fur (AC +1). [potion of mutation]
  4311 | D:5      | Reached XP level 7. HP: 41/43 MP: 10/10
  4414 | D:4      | Killed Natasha
  4605 | D:4      | Noticed Natasha
  4610 | D:4      | Killed Natasha
  4674 | D:4      | Noticed an ogre
  4680 | D:4      | HP: 2/44 [ogre/giant club (25)]
  4698 | D:4      | Noticed Natasha
  4700 | D:4      | Lost mutation: You have a pair of small horns on your head. [potion of cure mutation]
  4701 | D:4      | HP: 2/44 [Natasha (3)]
  4955 | D:5      | Found a sparkling altar of Nemelex Xobeh.
  5444 | D:4      | Killed Natasha
  5882 | D:5      | Killed Eustachio
  5882 | D:5      | Reached skill level 6 in Unarmed Combat
  6044 | D:5      | Killed Duvessa
  6044 | D:5      | Reached skill level 5 in Fighting
  6053 | D:5      | Reached XP level 8. HP: 49/49 MP: 11/11
  6101 | D:5      | Killed Dowan
  6400 | D:5      | Reached skill level 7 in Unarmed Combat
  6688 | D:5      | Reached skill level 5 in Armour
  6987 | D:6      | Noticed Blork the orc
  7431 | D:6      | Found Leing's Gadget Emporium.
  7730 | D:6      | Reached skill level 8 in Unarmed Combat
  7899 | D:6      | Gained mutation: You are dopey. (Int -2) [potion of mutation]
  7899 | D:6      | Gained mutation: Your spells are a little harder to cast, but a little more powerful. [potion of mutation]
  7899 | D:6      | Gained mutation: Your spells are harder to cast, but more powerful. [potion of mutation]
  7920 | D:6      | Killed Blork the orc
  7960 | D:6      | Found an ancient bone altar of Kikubaaqudgha.
  8420 | D:7      | Reached XP level 9. HP: 50/56 MP: 12/12
  9413 | D:8      | Noticed a cyan ugly thing
  9508 | D:8      | Reached skill level 9 in Unarmed Combat
 10468 | D:9      | Found a blossoming altar of Fedhas.
 10498 | D:9      | Noticed an oklob plant
 10902 | D:9      | Reached skill level 10 in Unarmed Combat
 10907 | D:9      | Reached XP level 10. HP: 26/64 MP: 13/13
 11574 | D:10     | Entered Level 10 of the Dungeon
 11608 | D:10     | Found an opulent altar of Gozag.
 11734 | D:10     | Found a flagged portal.
 11758 | Bailey   | Entered a bailey
 11758 | Bailey   | Noticed an orc knight
 11760 | Bailey   | Noticed an orc knight
 11982 | Bailey   | Shot with a bolt by an orc warrior

Action                   |  1- 3 |  4- 6 |  7- 9 | 10-12 || total
-------------------------+-------+-------+-------+-------++-------
Melee: Unarmed           |   174 |   260 |   856 |   111 ||  1401
 Cast: Blink             |       |     3 |    10 |       ||    13
Evoke: Wand              |       |       |     4 |     5 ||     9
       Deck              |       |       |     3 |       ||     3
  Use: Scroll            |       |    11 |    10 |     4 ||    25
       Potion            |       |     7 |     2 |     1 ||    10
  Eat: Chunk             |     1 |     6 |    17 |     3 ||    27
       Bread ration      |       |     1 |       |       ||     1
       Meat ration       |       |       |     1 |       ||     1
       Beef jerky        |       |       |     1 |       ||     1
